 Dungeon Crawl Stone Soup version 0.17-a0-1504-gb7d9117 (webtiles) character file.

847 urechis the Basher (level 8, 0/87 HPs)
             Began as an Ogre Gladiator on July 9, 2015.
             Was an Initiate of Ru.
             Slain by a sky beast (5 damage)
             ... on level 6 of the Dungeon.
             The game lasted 00:11:10 (6025 turns).

urechis the Basher (Ogre Gladiator)                 Turns: 6025, Time: 00:11:10

Health: 0/87       AC:  4    Str: 23    XL:     8   Next: 0%
Magic:  8/8        EV: 10    Int:  7    God:    Ru [......]
Gold:   228        SH:  0    Dex: 10    Spells: 0 memorised, 7 levels left

rFire  + . .     SeeInvis .     a - +0 flail
rCold  x . .     Clarity  .     x - +0 animal skin
rNeg   . . .     SustAt   .     (no shield)
rPois  .         Gourm    .     y - +1 hat
rElec  .         Spirit   .     (no cloak)
rCorr  .         Warding  .     (gloves unavailable)
rMut   .         Stasis   .     (boots unavailable)
MR     .....                    (no amulet)
Stlth  +.........               (no ring)
                                f - ring of fire

@: not resistant to hostile enchantments, very unstealthy
A: unfitting armour, tough skin 1
a: Renounce Religion


You were on level 6 of the Dungeon.
You worshipped Ru.
Ru was noncommittal.
You were not hungry.

You visited 2 branches of the dungeon, and saw 7 of its levels.

You collected 228 gold pieces.

Inventory:

Hand weapons
 a - a +0 flail (weapon)
Missiles
 d - 4 throwing nets
 g - 17 poisoned needles
 r - 4 large rocks (quivered)
Armour
 x - a +0 animal skin (worn)
 y - a +1 hat (worn)
Jewellery
 f - a ring of fire (left hand)
 t - a cursed -6 ring of evasion {unknown}
Scrolls
 k - 6 scrolls of identify {unknown}
 l - a scroll of immolation {unknown}
 o - a scroll of fog {unknown}
 p - a scroll of remove curse {unknown}
 u - a scroll of magic mapping {unknown}
 B - a scroll of teleportation {unknown}
Potions
 c - a potion of curing
 h - 2 potions of cure mutation {unknown}
 i - a potion of brilliance {unknown}
 j - 3 potions of agility {unknown}
 m - 3 potions of heal wounds {unknown}
 n - a potion of degeneration {unknown}
 q - a potion of beneficial mutation {unknown}
 z - a potion of flight {unknown}
Comestibles
 b - 2 meat rations
 e - 3 bread rations
 s - 2 fruits
 v - a beef jerky
 w - a slice of pizza
 A - a chunk of flesh


   Skills:
 + Level 7.0 Fighting
 * Level 10.1 Maces & Flails
 - Level 2.1 Throwing
 - Level 2.6 Dodging


You had 7 spell levels left.
You didn't know any spells.

Dungeon Overview and Level Annotations

Branches:
Dungeon (6/15)             Temple (1/1) D:5

Altars:
Ashenzari
Dithmenos
Elyvilon
Fedhas
Gozag
Kikubaaqudgha
Nemelex Xobeh
Okawaru
Qazlal
Ru
Sif Muna
Trog
Vehumet
Xom
Yredelemnul
The Shining One

Shops:
D:6 =


Innate Abilities, Weirdness & Mutations

You are too large for most types of armour.
You have tough skin (AC +1).


Message History

You hit the sky beast.
The sky beast is almost dead.
The sky beast hits you.
* * * LOW HITPOINT WARNING * * *
The sky beast shocks you.
* * * LOW HITPOINT WARNING * * *
You closely miss the sky beast.
The sky beast is almost dead.
The sky beast hits you.
* * * LOW HITPOINT WARNING * * *
The sky beast shocks you.
* * * LOW HITPOINT WARNING * * *
You barely miss the sky beast.
The sky beast is almost dead.
The sky beast hits you but does no damage.
Drink which item? (? for menu, Esc to quit)
You feel better. The sky beast hits you.
* * * LOW HITPOINT WARNING * * *
The sky beast shocks you.
You die...

...#.# ..# ####.# ...
.# ####.### .. .#
......(# #.## .#
.......# # ..# .#
..∩....#
#.##.#####.#####
.......#
#..............
.......######..####..#
.......#........@.)!.#
.....###.#####.Y###..#
###### #.# ##.<# ..#
#.# #..# o.#
########.# ##.# .o#
.........#### .. o.#
............... ...Y..
........#...... ...Z..
........#......


You could see a sky beast.

Vanquished Creatures
  Grinder (D:5)
  An orc warrior (D:6)
  An ice beast (D:5)
  The ghost of sqallbeste the Chopper, an average DsGl of Trog (D:3)
  A centaur (D:6)
  A hound (D:5)
  An orc priest (D:6)
  Jessica (D:2)
  A giant frog skeleton (D:5)
  2 worker ants (D:5)
  3 adders
  3 gnolls (D:4)
  An ooze (D:1)
  An adder zombie (D:5)
  A worm (D:5)
  3 giant geckos
  4 orcs
  4 ball pythons
  3 bat skeletons
  4 giant cockroaches
  10 goblins
  9 hobgoblins
  6 jackals
  15 bats
  6 giant newts
  10 kobolds
  A quokka (D:2)
  A quokka skeleton (D:5)
  5 rats
101 creatures vanquished.

Notes
Turn   | Place    | Note
--------------------------------------------------------------
     0 | D:1      | urechis the Ogre Gladiator began the quest for the Orb.
     0 | D:1      | Reached XP level 1. HP: 22/22 MP: 1/1
   133 | D:1      | Reached XP level 2. HP: 20/31 MP: 2/2
   471 | D:1      | Reached XP level 3. HP: 13/37 MP: 3/3
   511 | D:1      | Reached skill level 5 in Maces & Flails
  1023 | D:2      | Noticed Jessica
  1032 | D:2      | Killed Jessica
  1032 | D:2      | Reached XP level 4. HP: 35/48 MP: 4/4
  1127 | D:2      | Found a faded altar to an unknown god.
  1806 | D:3      | Noticed sqallbeste's ghost (average DsGl)
  2100 | D:3      | Reached skill level 6 in Maces & Flails
  2636 | D:3      | Killed sqallbeste's ghost
  2636 | D:3      | Reached XP level 5. HP: 51/55 MP: 5/5
  2779 | D:3      | Reached skill level 5 in Fighting
  3158 | D:4      | Reached skill level 7 in Maces & Flails
  3431 | D:4      | Reached XP level 6. HP: 41/66 MP: 6/6
  3495 | D:5      | Entered Level 5 of the Dungeon
  3558 | D:5      | HP: 3/66 [poisoned by a worker ant]
  3566 | D:5      | HP: 3/66 [poisoned by a worker ant]
  4162 | D:5      | Found a bloodstained altar of Trog.
  4386 | D:5      | Found a staircase to the Ecumenical Temple.
  4421 | Temple   | Entered the Ecumenical Temple
  4452 | Temple   | Became a worshipper of Ru the Awakened
  4704 | D:5      | Noticed Grinder
  4718 | D:5      | Paralysed by Grinder for 7 turns
  4726 | D:5      | Killed Grinder
  4726 | D:5      | Reached skill level 8 in Maces & Flails
  4726 | D:5      | Reached XP level 7. HP: 16/75 MP: 7/7
  5095 | D:5      | Reached skill level 9 in Maces & Flails
  5727 | D:6      | Found Semothru's Jewellery Emporium.
  5945 | D:6      | Found a glowing golden altar of the Shining One.
  6001 | D:6      | Reached skill level 10 in Maces & Flails
  6007 | D:6      | Reached XP level 8. HP: 34/87 MP: 8/8
  6023 | D:6      | HP: 1/87 [sky beast (5)]
  6025 | D:6      | Slain by a sky beast

Vault maps used:
D:1:      minmay_arrival_widening_spiral_narrow
D:2:      ecumenical_altar_2, kennysheep_jessica_study
D:3:      eino_tiny_chamber
D:5:      bloody_trog, minmay_temple_entry_crystal_x, first_bread, uniq_grinder
D:6:      overflow_temple_1_default, serial_shops, shop, uniq_duvessa
Temple:   minmay_temple_curvy_14

Action                   |  1- 3 |  4- 6 |  7- 9 || total
-------------------------+-------+-------+-------++-------
Melee: Flail             |    83 |   165 |    80 ||   328
Throw: Large rock        |       |     5 |     2 ||     7
  Use: Potion            |     1 |       |     1 ||     2
 Stab: Sleeping          |       |     1 |       ||     1
  Eat: Chunk             |       |    10 |     5 ||    15
       Fruit             |       |     1 |       ||     1
